 Dungeon Crawl Stone Soup version 0.18.1-1-g2f07953 (webtiles) character file.

1892 M4edhros the Shield-Bearer (level 9, -2/56 HPs)
             Began as an Octopode Fighter on May 7, 2016.
             Was a Believer of Pakellas.
             Slain by Sonja
             ... wielding a +0 short sword of distortion
              (6 damage)
             ... on level 10 of the Dungeon.
             The game lasted 00:14:10 (2619 turns).

M4edhros the Shield-Bearer (Octopode Fighter)       Turns: 2619, Time: 00:14:11

Health: -2/56      AC:  1    Str: 15    XL:     9   Next: 15%
Magic:  8/14       EV: 16    Int: 11    God:    Pakellas [**....]
Gold:   71         SH: 10    Dex: 14    Spells: 0 memorised, 8 levels left

rFire  . . .     SeeInvis .     f - +2 dagger (venom)
rCold  . . .     Gourm    .     b - +0 shield
rNeg   . . .     Faith    .     (helmet restricted)
rPois  .         Spirit   .     (no amulet)
rElec  .         Dismiss  .     w - ring of stealth
rCorr  .         Reflect  .     j - +3 ring of evasion
SustAt .         Harm     .     (no ring)
MR     .....                    (no ring)
Stlth  +++.......               (no ring)
                                (no ring)
                                (no ring)
                                (no ring)

@: not resistant to hostile enchantments, fairly stealthy
A: almost no armour, amphibious, 8 rings, constrict 8, camouflage 1, gelatinous
body 1
a: Quick Charge, Renounce Religion


You were on level 10 of the Dungeon.
You worshipped Pakellas.
Pakellas was pleased with you.
You were not hungry.

You visited 2 branches of the dungeon, and saw 11 of its levels.

You collected 407 gold pieces.
You spent 336 gold pieces at shops.

Inventory:

Hand Weapons
 a - a +0 flail
 f - a +2 dagger of venom (weapon)
 C - a +0 blowgun
Missiles
 D - 11 poisoned needles
Armour
 b - a +0 shield (worn)
Jewellery
 j - a +3 ring of evasion (right tentacle)
 w - a ring of stealth (left tentacle)
Wands
 m - a wand of flame (3/48)
 r - a wand of teleportation (1/9)
 v - a wand of slowing (37/48)
 z - a wand of random effects (10/48)
 E - a wand of hasting (6/9)
Scrolls
 e - 5 scrolls of remove curse
 l - a scroll of recharging {unknown}
 n - 2 scrolls of magic mapping
 o - 2 scrolls of random uselessness {unknown}
 s - 2 scrolls of noise {unknown}
 t - a scroll of fog {unknown}
 x - a scroll of enchant armour {unknown}
 B - a scroll of immolation {unknown}
Potions
 c - 2 potions of might
 i - a potion of heal wounds {unknown}
 k - a potion of agility
 p - a potion of flight {unknown}
 q - a potion of cancellation
 A - a potion of brilliance
 F - a potion of lignification
 G - a potion of haste {unknown}
Miscellaneous
 y - a box of beasts
Comestibles
 d - a bread ration
 g - 2 meat rations
 h - 2 slices of pizza
 u - 7 fruits
 H - 10 chunks of flesh


   Skills:
 - Level 3.0 Fighting
 - Level 5.2 Maces & Flails
 + Level 5.5 Dodging
 + Level 7.3 Shields
 * Level 7.1 Evocations


You had 8 spell levels left.
You didn't know any spells.

Dungeon Overview and Level Annotations

Branches:
Dungeon (10/15)            Temple (1/1) D:5
   Lair: D:8-11         Orc: D:9-12

Altars:
Cheibriados
Dithmenos
Elyvilon
Fedhas
Gozag
Kikubaaqudgha
Nemelex Xobeh
Pakellas
Qazlal
Trog
Vehumet
Zin
The Shining One

Shops:
D:4 =   D:8 (!(?

Annotations:
D:10 Sonja


Innate Abilities, Weirdness & Mutations

You cannot wear most types of armour.
You are amphibious.
You can wear up to eight rings at the same time.
You can use your tentacles to constrict eight enemies at once.
Your skin changes colour to match your surroundings (Stealth).
Your rubbery body absorbs attacks (AC +1).


Message History

Found 26 stones.
Found a spear.
There is a stone staircase leading down here.
You climb downwards.
Sonja, the Graceful Assassin comes into view.
She is wielding a short sword of distortion.
Found 13 gold pieces.
There is a stone staircase leading up here.
The helpless Sonja fails to defend herself.
You puncture Sonja! Your grab misses Sonja.
Sonja is moderately wounded.
Sonja hits you with a short sword of distortion.
* * * LOW HITPOINT WARNING * * *
Space warps horribly around you!
* * * LOW HITPOINT WARNING * * *
You block Sonja's attack.
Sonja hits you with a short sword of distortion.
* * * LOW HITPOINT WARNING * * *
Space warps horribly around you!
You die...
Pakellas says: That's one more possible approach eliminated.

########
#......#
#@K$...#
#......#
+......#
#......#
#......#
#......#
#####..#
#.#


You could see Sonja.

Vanquished Creatures
  A hippogriff (D:9)
  An ice beast (D:7)
  2 sky beasts (D:7)
  A black bear (D:9)
  A wasp (D:7)
  An eye of draining (D:8)
  2 ogres
  2 centaurs
  A giant frog (D:8)
  A big kobold (D:7)
  3 scorpions
  2 howler monkeys
  5 crimson imps
  A quasit (D:7)
  A jelly (D:5)
  3 orc wizards
  2 hounds
  A centaur skeleton (D:6)
  2 iguanas
  A worker ant (D:9)
  4 adders
  A shadow imp (D:8)
  An adder skeleton (D:4)
  8 orcs
  4 bats
  2 giant cockroaches
  A hobgoblin (D:1)
  7 kobolds
  2 quokkas
  2 giant newts
  2 goblins (D:2)
  A rat (D:2)
  A fungus (D:1)
70 creatures vanquished.

Notes
Turn   | Place    | Note
--------------------------------------------------------------
     0 | D:1      | M4edhros the Octopode Fighter began the quest for the Orb.
     0 | D:1      | Reached XP level 1. HP: 16/16 MP: 1/1
   156 | D:1      | Reached XP level 2. HP: 5/21 MP: 2/2
   173 | D:2      | HP: 1/21 [kobold/stone (3)]
   428 | D:3      | Found a snail-covered altar of Cheibriados.
   440 | D:3      | Found a faded altar to an unknown god.
   461 | D:3      | Reached XP level 3. HP: 11/26 MP: 3/3
   547 | D:4      | Noticed a scorpion
   556 | D:4      | Killed a scorpion
   556 | D:4      | Reached XP level 4. HP: 18/31 MP: 4/4
   562 | D:4      | Found an oddly glowing altar of Pakellas.
   572 | D:4      | Became a worshipper of Pakellas the Inventive
   613 | D:4      | Found Kiumih's Jewellery Shoppe.
   646 | D:4      | Reached XP level 5. HP: 15/36 MP: 5/5
   675 | D:5      | Entered Level 5 of the Dungeon
   772 | D:5      | Reached skill level 5 in Shields
   799 | D:5      | Found a staircase to the Ecumenical Temple.
   805 | Temple   | Entered the Ecumenical Temple
   894 | D:5      | Reached XP level 6. HP: 23/42 MP: 6/6
   988 | D:6      | Reached skill level 5 in Maces & Flails
  1041 | D:6      | Reached skill level 1 in Evocations
  1041 | D:6      | Reached XP level 7. HP: 26/46 MP: 7/7
  1239 | D:8      | Found Rokkis's Magic Scroll Shoppe.
  1251 | D:8      | Reached * piety under Pakellas
  1251 | D:8      | Received a gift from Pakellas
  1376 | D:4      | Bought a +3 ring of evasion for 294 gold pieces
  1624 | D:7      | Gained mutation: You are dopey. (Int -2) [mutagenic meat]
  1625 | D:7      | Gained mutation: You are partially covered in slimy green scales (AC +2). [mutagenic meat]
  1626 | D:7      | Gained mutation: You are agile. (Dex +2) [mutagenic meat]
  1627 | D:7      | Gained mutation: You are very agile. (Dex +4) [mutagenic meat]
  1628 | D:7      | Lost mutation: You are partially covered in slimy green scales (AC +2). [mutagenic meat]
  1629 | D:7      | Gained mutation: You are frail (-10% HP). [mutagenic meat]
  1729 | D:7      | Reached XP level 8. HP: 43/46 MP: 9/11
  1748 | D:7      | Gained mutation: You are very dopey. (Int -4) [mutagenic meat]
  1750 | D:7      | Gained mutation: Your system is resistant to poisons. [mutagenic meat]
  1824 | D:7      | Reached skill level 5 in Evocations
  1973 | D:8      | Found Wisch's Antique Weapon Shop.
  2046 | D:8      | Noticed a wyvern
  2271 | D:8      | Lost mutation: You are very agile. (Dex +4) [potion of cure mutation]
  2271 | D:8      | Lost mutation: You are frail (-10% HP). [potion of cure mutation]
  2271 | D:8      | Lost mutation: Your system is resistant to poisons. [potion of cure mutation]
  2271 | D:8      | Lost mutation: You are agile. (Dex +2) [potion of cure mutation]
  2271 | D:8      | Lost mutation: You are very dopey. (Int -4) [potion of cure mutation]
  2271 | D:8      | Lost mutation: You are dopey. (Int -2) [potion of cure mutation]
  2304 | D:8      | Found Vierr's Distillery.
  2314 | D:8      | Bought a potion of lignification for 42 gold pieces
  2321 | D:8      | Found Fuytt's Weapon Emporium.
  2500 | D:9      | Reached skill level 5 in Dodging
  2569 | D:9      | Reached XP level 9. HP: 29/56 MP: 6/14
  2584 | D:9      | Reached ** piety under Pakellas
  2584 | D:9      | Received a gift from Pakellas
  2618 | D:10     | Entered Level 10 of the Dungeon
  2618 | D:10     | Noticed Sonja
  2619 | D:10     | Slain by Sonja

Skill      XL: |  1  2  3  4  5  6  7  8  9 |
---------------+----------------------------+-----
Maces & Flails | 3 4 5 |  5.2
Shields        | 4 5 6 7 |  7.3
Evocations     | 1 4 6 7 |  7.1
Dodging        | 5 |  5.5
Fighting       | |  3.0

Action                   |  1- 3 |  4- 6 |  7- 9 || total
-------------------------+-------+-------+-------++-------
Melee: Dagger            |    40 |    37 |   117 ||   194
       Constrict         |    16 |    11 |    22 ||    49
       Tentacles         |     6 |    12 |    26 ||    44
       Flail             |     1 |       |       ||     1
Evoke: Wand              |       |    11 |    26 ||    37
  Use: Scroll            |     4 |       |     3 ||     7
       Potion            |     1 |     2 |     1 ||     4
 Stab: Sleeping          |       |     2 |     3 ||     5
  Eat: Chunk             |       |       |    16 ||    16
Armor: Skin              |     5 |     1 |     5 ||    11
Dodge: Dodged            |    15 |    14 |    69 ||    98
Block: Shield            |    15 |    10 |    66 ||    91
